 Dungeon Crawl Stone Soup version 0.25.0-9-g26727b657a (webtiles) character file.

Game seed: 7007229944206188384

14334 protoss039 the Eclecticist (level 11, -2/58 HPs)
             Began as a Deep Elf Fire Elementalist on June 21, 2020.
             Was an Elder of Sif Muna.
             Slain by an unseen horror (5 damage)
             ... on level 15 of the Dungeon.
             The game lasted 01:26:07 (21453 turns).

protoss039 the Eclecticist (DEFE)                  Turns: 21453, Time: 01:26:08

Health: -2/58      AC:  7    Str:  5    XL:     11   Next: 87%
Magic:  29/32      EV: 12    Int: 24    God:    Sif Muna [****..]
Gold:   21         SH:  0    Dex: 15    Spells: 18/40 levels left

rFire    . . .     SeeInvis .   j - +0 short sword
rCold    . . .     Gourm    .   (no shield)
rNeg     + . .     Faith    .   d - +1 leather armour "Heshiniu" {*Drain +Inv rPois Slay+4}
rPois    +         Spirit   .   k - +1 helmet
rElec    .         Reflect  .   (no cloak)
rCorr    .         Harm     .   (no gloves)
MR       +....                  m - +0 pair of boots
Stlth    +.........             (no amulet)
HPRegen  0.19/turn              (no ring)
MPRegen  0.23/turn              g - ring of positive energy

@: contaminated, glowing
A: no striking features
a: Channel Magic, Forget Spell, Divine Exegesis, Renounce Religion, Evoke
Invisibility


You were on level 15 of the Dungeon.
You worshipped Sif Muna.
Sif Muna was greatly pleased with you.
You were not hungry.

You visited 2 branches of the dungeon, and saw 15 of its levels.

You collected 626 gold pieces.
You spent 605 gold pieces at shops.

Inventory:

Hand Weapons
 j - a +0 short sword (weapon)
Armour
 d - the +1 leather armour "Heshiniu" (worn) {*Drain +Inv rPois Slay+4}
   (You found it on level 5 of the Dungeon)

   It affects your accuracy and damage with ranged weapons and melee attacks
   (+4).
   It protects you from poison.
   It lets you turn invisible.
   It causes draining when unequipped.
 k - a +1 helmet (worn)
 m - a +0 pair of boots (worn)
Jewellery
 b - an uncursed ring of ice
 g - a ring of positive energy (right hand)
 l - an uncursed amulet of reflection
 w - an uncursed ring of protection from magic
 C - a cursed ring of attention {unknown}
Wands
 e - a wand of acid (9)
 o - a wand of enslavement (8)
 B - a wand of random effects (23)
Scrolls
 h - 2 scrolls of enchant armour
 n - 10 scrolls of remove curse
Potions
 i - a potion of magic
 p - 2 potions of brilliance
 q - a potion of might {unknown}
 r - a potion of ambrosia {unknown}
 x - a potion of cancellation
 A - 2 potions of flight
 D - 2 potions of resistance
Comestibles
 c - 32 rations


   Skills:
 + Level 2.5 Fighting
 + Level 1.6 Short Blades
 - Level 2.4 Dodging
 + Level 4.6 Stealth
 + Level 15.2 Spellcasting
 - Level 10.1 Conjurations
 + Level 0.6 Hexes
 * Level 0.6 Transmutations
 + Level 9.8 Fire Magic
 * Level 0.6 Earth Magic
 * Level 7.4 Invocations


You had 18 spell levels left.
You knew the following spells:

 Your Spells              Type           Power        Failure   Level  Hunger
a - Foxfire               Conj/Fire      ####         1%          1    None
b - Conjure Flame         Conj/Fire      ######..     1%          3    None
c - Inner Flame           Hex/Fire       #####...     1%          3    None
d - Sticky Flame          Conj/Fire      ######..     1%          4    None
e - Fireball              Conj/Fire      ######....   2%          5    ##.....
f - Statue Form           Tmut/Erth      ###......    99%         6    ####...

Your spell library contained the following spells:

 Spells                   Type           Power        Failure   Level  Hunger
 Animate Skeleton         Necr           N/A          5%          1    None
 Infusion                 Chrm           ###.         5%          1    None
 Pain                     Necr           ###.         5%          1    None
 Shroud of Golubria       Chrm/Tloc      ###...       8%          2    None
 Song of Slaying          Chrm           ###.....     8%          2    None
 Spectral Weapon          Hex/Chrm       ###.....     14%         3    None
 Ozocubu's Armour         Chrm/Ice       ###.....     16%         3    None
 Vampiric Draining        Necr           ###.......   16%         3    None
 Irradiate                Conj/Tmut      #####.....   16%         5    ##.....
 Animate Dead             Necr           N/A          45%         4    None
 Agony                    Necr           ###.....     82%         5    ##.....
 Hydra Form               Tmut           ###.......   99%         6    ####...
 Dragon Form              Tmut           ###.......   100%        7    ######.


Dungeon Overview and Level Annotations

Branches:
Dungeon (15/15)            Temple (1/1) D:4            Lair (0/6) D:11
 Depths (0/5) D:15
    Orc: D:9-12      Vaults: D:13-14

Altars:
Ashenzari
Cheibriados
Dithmenos
Elyvilon
Fedhas
Gozag
Hepliaklqana
Kikubaaqudgha
Makhleb
Nemelex Xobeh
Okawaru
Qazlal
Ru
Sif Muna
Trog
Uskayaw
Vehumet
Wu Jian
Xom
Yredelemnul
Zin
The Shining One

Shops:
D:5 :   D:9 =(}=(

Annotations:
D:10 Josephine
D:11 1 runed translucent door, exclusion: door, DevastatorOne's ghost, journeyman TrFi


Message History

Aim: a bullfrog
Okay, then.
Blink to where?
Press: ? - help, Dir - move target cursor
As you read the scroll of blinking, it crumbles to dust.
A yak appears out of thin air!
Reactivating autopickup.
Found a ring mail.
Unknown command.
Unknown command.
Casting: Fireball (dangerous; 2% risk of failure)
Confirm with . or Enter, or press ? or * to list all spells.
The fire begins to smolder!
Something hits you.
* * * LOW HITPOINT WARNING * * *
Deactivating autopickup; reactivate with Ctrl-A.
Unknown command.
Unknown command.
You fail to use your ability.
Something hits you but does no damage. Something hits you.
You die...

.....##.#######..........## *,*
.P.P..#..** ####.........##*,**
.._...##..***#..........(..##,,**
.P.P..#*#..,,..##...........o,,,,
......#,,.....,*#............,,,,
......#,,(...,,*#............,,,,
......#,,.....,*#.........(##*,**
......#,,[.....###........## *,*
.#....#,,.......@..W..(...#* *,*
......#,,......##....(.....#**,*
..#####,,.....,*#...........#*,**
.<# *,,....,,*#..)..Y......,,,*
..# ***###*****.......,,,****,*
..# *.......,,,* *** .##
*#......,,** ## *#.....,** #
********


You could see a yak and a wraith.

Vanquished Creatures
  Erica (D:10)
  3 two-headed ogres
  2 unseen horrors
  A deep elf mage (D:12)
  A gargoyle (D:14)
  2 komodo dragons
  A queen bee (D:11)
  3 trolls
  A hornet (D:7)
  5 hippogriffs
  A shadow (D:11)
  A water elemental (D:14)
  A wyvern (D:8)
  2 wraiths
  4 yaks
  A spriggan (D:8)
  Eustachio (D:3)
  2 vampire mosquitoes (D:15)
  A water moccasin (D:10)
  A hornet zombie (D:9)
  2 phantoms
  2 sky beasts
  2 ice beasts (D:10)
  An orc warrior (D:6)
  3 ogres
  A necrophage (D:5)
  4 centaurs
  A crocodile (D:10)
  4 bullfrogs
  A big kobold (D:8)
  2 wyvern skeletons
  5 scorpions
  23 killer bees (D:11)
  5 howler monkeys
  7 crimson imps
  2 bullfrog zombies
  8 hounds
  2 quasits
  2 centaur zombies
  4 jellies
  A centaur skeleton (D:5)
  5 orc priests
  12 orc wizards
  Jessica (D:2)
  2 bullfrog skeletons
  An iguana (D:6)
  5 worker ants
  2 worker ant zombies
  A howler monkey zombie (D:6)
  8 gnolls
  15 adders
  3 river rats (D:6)
  2 shadow imps
  3 oozes
  2 adder skeletons (D:5)
  8 worms
  A dart slug (D:2)
  8 leopard geckos
  42 orcs
  5 giant cockroaches
  5 hobgoblins
  10 jackals
  10 kobolds
  5 quokkas
  A ball python (D:2)
  9 bats
  7 frilled lizards
  6 goblins
  A leopard gecko zombie (D:5)
  4 rats
301 creatures vanquished.

Vanquished Creatures (collateral kills)
  An ooze (D:2)
  2 orcs
3 creatures vanquished.

Vanquished Creatures (others)
  An orc (D:10)
  1447 foxfires
  2 plants (D:11)
1450 creatures vanquished.

Grand Total: 1754 creatures vanquished

Notes
Turn   | Place    | Note
-------+----------+-------------------------------------------
     0 | D:1      | protoss039 the Deep Elf Fire Elementalist began the quest
                  | for the Orb.
     0 | D:1      | Reached XP level 1. HP: 10/10 MP: 6/6
   515 | D:1      | Reached XP level 2. HP: 15/15 MP: 5/8
   883 | D:1      | Reached XP level 3. HP: 1/19 MP: 2/10
  1263 | D:2      | Noticed Jessica
  1273 | D:2      | Killed Jessica
  1280 | D:2      | Reached skill level 4 in Spellcasting
  1284 | D:2      | Reached XP level 4. HP: 24/24 MP: 1/12
  1767 | D:2      | Learned a level 3 spell: Conjure Flame
  2297 | D:2      | Reached XP level 5. HP: 28/28 MP: 8/13
  3535 | D:3      | Reached XP level 6. HP: 32/32 MP: 0/15
  3540 | D:3      | Learned a level 3 spell: Inner Flame
  4418 | D:4      | Noticed Eustachio
  4709 | D:4      | Reached skill level 5 in Fire Magic
  4885 | D:3      | Killed Eustachio
  4885 | D:3      | Reached skill level 5 in Spellcasting
  4885 | D:3      | Reached skill level 5 in Conjurations
  4885 | D:3      | Reached XP level 7. HP: 24/37 MP: 1/17
  5708 | D:4      | Found a staircase to the Ecumenical Temple.
  5943 | Temple   | Entered the Ecumenical Temple
  6014 | Temple   | Became a worshipper of Sif Muna the Loreminder
  6156 | D:5      | Entered Level 5 of the Dungeon
  6174 | D:5      | Learned a level 4 spell: Sticky Flame
  7015 | D:5      | Reached skill level 6 in Spellcasting
  7180 | D:5      | Found Bainuom's Book Shoppe.
  7198 | D:5      | Reached skill level 1 in Invocations
  7655 | D:5      | Found a sacrificial altar of Ru.
  8099 | D:6      | Reached skill level 1 in Fighting
  8099 | D:6      | Reached XP level 8. HP: 26/43 MP: 15/19
  8418 | D:6      | Reached skill level 7 in Spellcasting
  8488 | D:5      | Got a steaming leather armour
  8499 | D:5      | Identified the +1 leather armour "Heshiniu" {*Drain +Inv
                  | rPois Slay+4} (You found it on level 5 of the Dungeon)
  8991 | D:6      | Reached * piety under Sif Muna
  9287 | D:6      | Reached skill level 8 in Spellcasting
 10116 | D:7      | Noticed a hippogriff
 10125 | D:7      | Killed a hippogriff
 10125 | D:7      | Reached XP level 9. HP: 47/47 MP: 14/23
 10137 | D:7      | Learned a level 5 spell: Fireball
 10221 | D:7      | Found a white marble altar of Elyvilon.
 11336 | D:8      | Reached skill level 9 in Spellcasting
 12449 | D:8      | Reached skill level 10 in Spellcasting
 12449 | D:8      | Reached skill level 5 in Invocations
 12901 | D:9      | Reached ** piety under Sif Muna
 12946 | D:9      | Found a stormy altar of Qazlal.
 13173 | D:9      | Found Iseretor's Gadget Shoppe.
 13474 | D:9      | Found Weurob's Jewellery Shop.
 13479 | D:9      | Found Jemyl's Antique Weapon Emporium.
 13545 | D:9      | Reached skill level 11 in Spellcasting
 13582 | D:8      | Reached XP level 10. HP: 10/53 MP: 16/27
 13874 | D:9      | Found Quxawes's Jewellery Emporium.
 13933 | D:9      | Found Agerph's Weapon Shop.
 14732 | D:10     | Entered Level 10 of the Dungeon
 14936 | D:10     | Noticed a two-headed ogre
 14954 | D:10     | Killed a two-headed ogre
 14954 | D:10     | Reached skill level 12 in Spellcasting
 15171 | D:10     | Noticed Josephine
 16415 | D:10     | Noticed Erica
 16736 | D:10     | Killed Erica
 16736 | D:10     | Reached skill level 13 in Spellcasting
 17382 | D:10     | Reached XP level 11. HP: 57/57 MP: 19/30
 18046 | D:11     | Noticed a two-headed ogre
 18059 | D:11     | Found a snail-covered altar of Cheibriados.
 18146 | D:11     | Reached *** piety under Sif Muna
 18470 | D:11     | Killed a two-headed ogre
 18470 | D:11     | Reached skill level 1 in Short Blades
 18669 | D:11     | Noticed a two-headed ogre
 18679 | D:11     | Killed a two-headed ogre
 19186 | D:11     | Reached skill level 14 in Spellcasting
 19232 | D:11     | Found a shadowy altar of Dithmenos.
 19504 | D:11     | Found a staircase to the Lair.
 19918 | D:11     | Noticed an unseen horror
 19921 | D:11     | Killed an unseen horror
 19921 | D:11     | Reached skill level 10 in Conjurations
 20642 | D:11     | Found a runed translucent door.
 20642 | D:11     | Noticed a yaktaur captain
 20642 | D:11     | Noticed DevastatorOne's ghost (journeyman TrFi)
 20807 | D:12     | Noticed a deep elf mage
 20812 | D:12     | Killed a deep elf mage
 20817 | D:12     | Noticed an unseen horror
 20823 | D:12     | Killed an unseen horror
 20823 | D:12     | Reached skill level 15 in Spellcasting
 20981 | D:5      | Bought a book of Transfigurations for 605 gold pieces
 20988 | D:5      | Learned a level 6 spell: Statue Form
 21166 | D:12     | You fall into a shaft and drop 3 floors!
 21166 | D:15     | Entered Level 15 of the Dungeon
 21168 | D:15     | Found a basalt altar of Yredelemnul.
 21357 | D:15     | Reached **** piety under Sif Muna
 21374 | D:15     | Noticed a fire dragon
 21453 | D:15     | Slain by an unseen horror

Illustrated notes

Levels and vault maps discovered:
D:1:      ncdulo_watergridlock, layout_basic, minmay_misc_feat_square
D:2:      layout_basic, first_ration, minmay_fractal_squares_5, uniq_jessica
D:3:      layout_rooms, glass_columns_a
D:4:      layout_layer_cave, temple_statues, kennysheep_cluttered_room,
          uniq_eustachio
D:5:      layout_layer_cave, serial_shops, nicolae_shop_stone,
          serial_bayou_pond_a, nicolae_ru_path_of_blood
D:6:      layout_rooms, gup_sewer_entry_bubbles
D:7:      layout_basic, elyvilon_altar_1
D:8:      layout_loops_ring, serial_glass, glass_columns_b, glass_columns_a,
          glass_columns_b, glass_columns_c, glass_columns_a, glass_columns_a,
          glass_columns_a, glass_columns_b, the_bakery
D:9:      layout_long_grid, serial_shops, kennysheep_mini_moat, shop, shop,
          shop, shop, nicolae_qazlal_general_emergency
D:10:     layout_stronghold, uniq_erica, uniq_josephine
D:11:     layout_gridville, david_lair_shrubbed, ebering_ghost_inner_flame,
          basic_altar, special_room [special_room_bee], minmay_holes,
          nicolae_dithmenos_through_a_glass_darkly
D:12:     layout_layer_cave, david_orc_3, ebering_ghost_reflecting_pool,
          uniq_jorgrun
D:14:     layout_rooms, david_vaults_1, serial_park_paths
          [serial_park_minivault_5x5_2], special_room [special_room_orc],
          feat_on_display
D:15:     hangedman_depths_entry_try_elsewhere_first, layout_rooms,
          yredelemnul_altar_generic
Temple:   roderic_octagonal_lattice_temple

Skill      XL: |  1  2  3  4  5  6  7  8  9 10 11 |
---------------+----------------------------------+-----
Conjurations   | 2 3 4 5 6 7 8 9 10 | 10.1
Fire Magic     | 4 5 6 7 8 9 |  9.8
Spellcasting   | 4 5 6 8 11 13 15 | 15.2
Stealth        | 3 4 |  4.6
Invocations    | 1 4 5 6 7 |  7.4
Fighting       | 1 2 |  2.5
Short Blades   | 1 |  1.6
Dodging        | |  2.4
Hexes          | |  0.6
Transmutations | |  0.6
Earth Magic    | |  0.6

Action                   |  1- 3 |  4- 6 |  7- 9 | 10-12 || total
-------------------------+-------+-------+-------+-------++-------
Melee: Unarmed           |     4 |       |       |     4 ||     8
       Short sword       |     1 |    19 |   225 |    82 ||   327
 Cast: Foxfire           |    52 |   193 |   454 |   391 ||  1090
       Conjure Flame     |       |     8 |    37 |    47 ||    92
       Inner Flame       |       |     2 |       |     2 ||     4
       Sticky Flame      |       |       |     1 |    23 ||    24
       Fireball          |       |       |       |    37 ||    37
 Abil: Evoke Invisibilit |       |       |       |     2 ||     2
  Use: Scroll            |     1 |    11 |    10 |    16 ||    38
       Potion            |       |       |     4 |     4 ||     8
 Stab: Sleeping          |       |       |       |     1 ||     1
  Eat: Chunk             |       |    12 |    20 |    15 ||    47
       Ration            |       |       |     2 |     4 ||     6
Armor: Robe              |     9 |    28 |    43 |       ||    80
       Leather armour    |       |       |    53 |    58 ||   111
Dodge: Dodged            |    29 |    92 |   202 |   164 ||   487
